 Dungeon Crawl Stone Soup version 0.30-b1-2-g02819fbbbe (webtiles) character file.

Game seed: 14255472971224172818

583 simples the Chopper (level 7, -1/61 HPs)
             Began as a Minotaur Berserker on July 3, 2023.
             Was a Priest of Trog.
             Slain by a centaur
             ... wielding a +0 flail
              (4 damage)
             ... on level 5 of the Dungeon on July 4, 2023.
             The game lasted 00:05:38 (3335 turns).

simples the Chopper (Minotaur Berserker)            Turns: 3335, Time: 00:05:39

Health: -1/61      AC:  8    Str: 23    XL:     7   Next: 14%
Magic:  6/6        EV: 11    Int:  4    God:    Trog [***...]
Gold:   131        SH:  0    Dex: 10    Spells: 6/6 levels left

rFire   . . .        t - +0 broad axe
rCold   . . .        (no shield)
rNeg    . . .        f - +0 scale mail
rPois   .            (helmet restricted)
rElec   .            (no cloak)
rCorr   .            m - +0 pair of gloves
SInv    .            (no boots)
Will    .....        (no amulet) Stlth
                     (no ring)
HPRegen 0.30/turn    (no ring)
MPRegen 0.10/turn

%: no passive effects
@: on berserk cooldown, studying Throwing
A: horns 2, retaliatory headbutt
a: Renounce Religion, Berserk, Trog's Hand


You were on level 5 of the Dungeon.
You worshipped Trog.
Trog was most pleased with you.
You visited 1 branch of the dungeon, and saw 5 of its levels.

You collected 161 gold pieces.
You spent 30 gold pieces at shops.

Inventory:

Hand Weapons
 a - a +0 hand axe
 l - a +1 dagger of venom
 t - a +0 broad axe (weapon)
Armour
 f - a +0 scale mail (worn)
 m - a +0 pair of gloves (worn)
Jewellery
 n - an amulet of faith
Wands
 s - a wand of polymorph (2)
Scrolls
 c - a scroll of poison {unknown}
 d - 2 scrolls of teleportation {unknown}
 g - 4 scrolls of identify {unknown}
 i - a scroll of magic mapping {unknown}
 j - a scroll of amnesia {unknown}
 p - a scroll of blinking {unknown}
 q - a scroll of enchant weapon {unknown}
 v - a scroll of fog {unknown}
 w - a scroll of brand weapon {unknown}
Potions
 b - 2 potions of might {unknown}
 e - a potion of resistance {unknown}
 h - 2 potions of attraction {unknown}
 k - 3 potions of curing
 o - a potion of heal wounds {unknown}
 r - 2 potions of invisibility {unknown}
 u - a potion of haste {unknown}


   Skills:
 + Level 5.4 Fighting
 * Level 6.8 Axes
 + Level 4.7 Armour
 + Level 4.2 Dodging


You had 6 spell levels left.
You didn't know any spells.
Your spell library was empty.

Dungeon Overview and Level Annotations

Branches:
Dungeon (5/15)
 Temple: D:4-7

Altars:
Dithmenos
Elyvilon
Gozag
Nemelex Xobeh

Shops:
D:1 *=([   D:2 =   D:3 !


Innate Abilities, Weirdness & Mutations

You have a pair of horns on your head.
You reflexively headbutt those who attack you in melee.


Message History

You feel yourself speed up.
A centaur comes into view. It is wielding a +0 flail.
The centaur shouts!
The centaur unwields a +0 flail.
The centaur wields a +0 shortbow.
The centaur shoots an arrow.
The arrow hits you.
The centaur shoots an arrow.
The arrow hits you.
A centaur is nearby!
A centaur is nearby!
The centaur shoots an arrow.
The arrow hits you!
The centaur shoots an arrow.
The arrow barely misses you.
The centaur shoots an arrow.
The arrow hits you.
The centaur shoots an arrow.
The arrow hits you.
The centaur shoots an arrow.
The arrow hits you!
The centaur shoots an arrow.
The arrow hits you!
You see here a +0 trident.
You are too injured to fight recklessly!
Found 2 brown potions.
The centaur unwields a +0 shortbow.
The centaur wields a +0 flail.
The centaur hits you with a +0 flail.
* * * LOW HITPOINT WARNING * * *
The centaur barely misses you. The centaur closely misses you.
The centaur kicks you but does no damage.
You're still recovering from your berserk rage.
You hit the centaur. You headbutt the centaur!
The centaur is severely wounded.
The centaur hits you with a +0 flail!
* * * LOW HITPOINT WARNING * * *
The centaur kicks you but does no damage.
You barely miss the centaur.
The centaur is severely wounded.
The centaur barely misses you. x3
The centaur kicks you but does no damage.
You barely miss the centaur.
The centaur is severely wounded.
The centaur misses you. x2; The centaur hits you with a +0 flail!
* * * LOW HITPOINT WARNING * * *
The centaur kicks you but does no damage.
You hit the centaur.
The centaur is almost dead.
The centaur hits you with a +0 flail.
You die...

..####.###..###.....#
..# ##.##...###.###.#
..###...<.......# #.#
..#....##...###.# #.#
..#.#.####..# #.# #.#
.......# #..###.###.####
........##............!.
#........#.##.......#
#..............c@##.#
##.......####.#..# .##
.......... #.#).#...##
#.#...#.#. #.#........
#.##.##.# #.#.##...$. ..
#.#.###.... #<.........
########... ..


You could see a centaur.

Vanquished Creatures
  An ice beast (D:5)
  An ogre (D:5)
  A bullfrog (D:4)
  A howler monkey (D:5)
  An orc priest (D:3)
  2 sleepcaps
  An iguana (D:5)
  An orc wizard (D:3)
  7 adders
  An ufetubus (D:3)
  A worm (D:3)
  16 orcs
  A ball python (D:3)
  6 bats
  9 endoplasms
  A giant cockroach (D:3)
  8 goblins
  3 hobgoblins (D:1)
  7 jackals
  4 quokkas
  2 frilled lizards
  7 kobolds
  6 rats
88 creatures vanquished.

Notes
Turn   | Place    | Note
-------+----------+-------------------------------------------
     0 | D:1      | simples the Minotaur Berserker began the quest for the Orb.
     0 | D:1      | Reached XP level 1. HP: 19/19 MP: 0/0
    96 | D:1      | Found Loexyn's Antique Weapon Shoppe.
   131 | D:1      | Reached XP level 2. HP: 27/27 MP: 1/1
   156 | D:1      | Reached skill level 4 in Axes
   270 | D:1      | Found Yleunoj's Assorted Antiques.
   278 | D:1      | Found Astowu's Jewellery Shoppe.
   680 | D:1      | Found Sikarod's Armour Boutique.
   793 | D:2      | Reached XP level 3. HP: 32/33 MP: 2/2
   826 | D:2      | Reached ** piety under Trog
   955 | D:2      | Found an opulent altar of Gozag.
  1116 | D:2      | Found Orubeani's Jewellery Shop.
  1294 | D:3      | Reached XP level 4. HP: 40/40 MP: 3/3
  1562 | D:3      | Reached skill level 5 in Axes
  1712 | D:3      | Found Jorosme's Distillery.
  1718 | D:3      | Bought a potion of curing for 30 gold pieces
  1737 | D:3      | Reached XP level 5. HP: 47/47 MP: 4/4
  1930 | D:3      | Found a shadowy altar of Dithmenos.
  2096 | D:3      | Reached *** piety under Trog
  2240 | D:3      | Found a faded altar of an unknown god.
  2323 | D:3      | Found a sparkling altar of Nemelex Xobeh.
  2323 | D:3      | Found a transporter.
  2546 | D:4      | Found a white marble altar of Elyvilon.
  2828 | D:4      | Reached skill level 5 in Fighting
  2828 | D:4      | Reached skill level 6 in Axes
  2828 | D:4      | Reached XP level 6. HP: 56/56 MP: 5/5
  3123 | D:5      | Entered Level 5 of the Dungeon
  3283 | D:5      | Noticed an ice beast
  3290 | D:5      | Killed an ice beast
  3291 | D:5      | Reached XP level 7. HP: 61/61 MP: 6/6
  3334 | D:5      | HP: 3/61 [centaur/+0 flail (7)]
  3335 | D:5      | Slain by a centaur

Illustrated notes

Levels and vault maps discovered:
D:1:      lemuel_arrival_lava_pool, layout_basic, serial_shops, shop,
          nicolae_shop_stone, nicolae_shop_stone, nicolae_shop_hallway_stairs
D:2:      layout_rooms, serial_shops, nicolae_shop_rolling_square, basic_altar
D:3:      layout_loops_cross, grunt_nemelex_the_gamble,
          mainiacjoe_overflow_paths, serial_shops,
          nicolae_shop_just_a_little_nook, hellmonk_ecumenical_altar_dog_temple
D:4:      layout_basic, lemuel_crystal_altar, minmay_manual_mess
D:5:      layout_loops_ring, grunt_temple_overflow_open,
          minmay_temple_entry_mist, uniq_blork_the_orc

Skill      XL: |  1  2  3  4  5  6 |
---------------+-------------------+-----
Axes           | 4 5 6 |  6.8
Fighting       | 4 5 |  5.4
Armour         | 3 4 |  4.7
Dodging        | 3 4 |  4.2

Action                     |  1- 3 |  4- 6 |  7- 9 || total
---------------------------+-------+-------+-------++-------
  Melee: Hand axe          |    75 |    82 |       ||   157
         Headbutt          |    11 |    22 |     2 ||    35
         Broad axe         |       |    18 |     7 ||    25
         Punch             |       |     1 |       ||     1
 Invoke: Berserk           |     1 |     7 |       ||     8
 Armour: Animal skin       |     2 |       |       ||     2
         Scale mail        |    34 |    54 |     5 ||    93
  Dodge: Dodged            |    49 |    72 |     8 ||   129
